 Dungeon Crawl Stone Soup version 0.31.0-9-g3a7656b989 (webtiles) character file.

Game seed: 6698184737023289889

32 qw the Shooter (level 3, -4/20 HPs)
             Began as a Deep Elf Hunter on Feb 2, 2024.
             Slain by a hobgoblin (6 damage)
             ... led by Robin
             ... on level 1 of the Dungeon.
             The game lasted 00:00:02 (688 turns).

qw the Shooter (Deep Elf Hunter)                     Turns: 688, Time: 00:00:02

Health: -4/20      AC:  5    Str: 10    XL:     3   Next: 8%
Magic:  5/5        EV: 11    Int: 13    God:
Gold:   32         SH:  0    Dex: 18    Spells: 2/2 levels left

rFire   . . .        a - +0 shortbow
rCold   . . .        (shield currently unavailable)
rNeg    . . .        f - +0 ring mail
rPois   .            (no helmet)
rElec   .            (no cloak)
rCorr   .            (no gloves)
SInv    .            (no boots)
Will    .....        (no amulet)
Stlth   +            (no ring)
HPRegen 0.23/turn    (no ring)
MPRegen 0.09/turn

%: no passive effects
@: no status effects
A: no striking features
a: no special abilities


You were on level 1 of the Dungeon.
You visited 1 branch of the dungeon, and saw 2 of its levels.

You collected 32 gold pieces.


   Skills:
 - Level 1.5 Fighting
 + Level 6.7 Ranged Weapons
 - Level 2.4 Dodging
 - Level 1.2 Stealth


You had 2 spell levels left.
You didn't know any spells.
Your spell library was empty.

Inventory:

Hand Weapons
 a - a +0 shortbow (weapon)
Armour
 f - a +0 ring mail (worn)
Scrolls
 d - 2 scrolls of identify

Dungeon Overview and Level Annotations

Branches:
Dungeon (2/15)

Altars:

Annotations:
D:2 Jessica, Robin


Message History

The goblin shouts!
The hobgoblin shouts!
The goblin shouts!
The hobgoblin closely misses you.
Robin roars a battlecry!
The goblins go into a battle-frenzy!
You climb upwards.
There is a stone staircase leading down here.
You shoot an arrow. The arrow barely misses the hobgoblin.
The hobgoblin closely misses you.
You shoot an arrow. The arrow closely misses the hobgoblin.
The hobgoblin barely misses you.
You shoot an arrow. The arrow hits the hobgoblin.
You kill the hobgoblin!
You climb downwards.
Level annotation: Jessica, Robin The goblin hits you but does no damage. x2; The goblin barely misses you. x2
The goblin hits you but does no damage.
There is a stone staircase leading up here.
684 ||| STAIRDANCE The goblin hits you with a +0 dagger.
The goblin hits you but does no damage. The goblin hits you with a +0 club.
Robin throws the goblin at you! The goblin hits you but does no damage.
The goblin barely misses you.
Jessica shouts, "You're disturbing me!
I'll have to kill you!"
Jessica gestures wildly while chanting.
Jessica seems to speed up.
The goblin misses you.
You climb upwards.
There is a stone staircase leading down here.
You shoot an arrow. The arrow hits the goblin!
You kill the goblin!
The goblin hits you but does no damage. The goblin misses you. x2
The goblin hits you with a +0 dagger. The hobgoblin closely misses you.
You shoot an arrow. The arrow closely misses the goblin.
The goblin hits you with a +0 club. The goblin closely misses you.
The goblin barely misses you. x2; The hobgoblin hits you.
You shoot an arrow. The arrow hits the goblin!
You kill the goblin!
The goblin closely misses you. The hobgoblin barely misses you.
The goblin hits you with a +0 club. The goblin barely misses you.
The goblin hits you but does no damage. The goblin barely misses you.
The hobgoblin hits you.
You die...

.......#.##.####.####...#####....
######.#.##......# #.........###
#.#....###### #...####### #
#.###..# #...# # #.###..# ###...#
###### #......# ####.....# #.....
### #####.#####.......#####.####
#.########.##..gg).....###...####
...........##.##@)#............%#
#.#########....g.g..##.###)..##%#
### #.#.##..#....# ###.##.#
#.#.##..#.##.# #.....
####............# ###...
#.%..........##.# ##.###
#.#%....#..#....# #.## #
#.#.....#..#....### #.#
#.##...##.###.....# #.## #


You could see a hobgoblin (strong) and 3 goblins.

Vanquished Creatures
  A dart slug (D:1)
  4 ball pythons (D:1)
  5 endoplasms (D:1)
  A giant cockroach (D:1)
  4 goblins (D:1)
  2 hobgoblins (D:1)
  2 quokkas (D:1)
  2 bats (D:1)
  2 frilled lizards (D:1)
  2 kobolds (D:1)
  A rat (D:1)
26 creatures vanquished.

Notes
Turn   | Place    | Note
-------+----------+-------------------------------------------
     0 | D:1      | qw the Deep Elf Hunter began the quest for the Orb.
     0 | D:1      | Reached XP level 1. HP: 12/12 MP: 3/3
     0 | D:1      | 0 ||| qw: Version: 0.3-a-155-g5e7d8dd
     0 | D:1      | 0 ||| qw: Game counter: 2277
     0 | D:1      | 0 ||| qw: Melee chars always use a shield: true
     0 | D:1      | 0 ||| qw: God list: Okawaru
     0 | D:1      | 0 ||| qw: Allow faded altars: false
     0 | D:1      | 0 ||| qw: Do Orc after clearing Dungeon:15 true
     0 | D:1      | 0 ||| qw: Do second Lair branch before Depths: true
     0 | D:1      | 0 ||| qw: Lair rune preference: random
     0 | D:1      | 0 ||| qw: Goals: Normal
     0 | D:1      | 0 ||| PLANNING D:1-11
   174 | D:1      | Reached skill level 6 in Ranged Weapons
   174 | D:1      | Reached XP level 2. HP: 16/16 MP: 4/4
   501 | D:1      | Reached XP level 3. HP: 20/20 MP: 5/5
   618 | D:1      | 618 ||| UPGRADING to +0 ring mail.
   628 | D:1      | 628 ||| DROPPING +0 leather armour.
   629 | D:1      | 629 ||| READING 3 scrolls labelled NOSTRE KEHAIGI.
   629 | D:1      | 629 ||| IDENTIFYING fizzy pink potion
   630 | D:1      | 630 ||| DROPPING scroll of butterflies.
   631 | D:1      | 631 ||| DROPPING potion of brilliance.
   676 | D:2      | Noticed Jessica
   676 | D:2      | Noticed Robin
   677 | D:2      | 677 ||| STAIRDANCE
   684 | D:2      | 684 ||| STAIRDANCE
   688 | D:1      | HP: 2/20 [goblin/+0 club[Robin] (6)]
   688 | D:1      | Slain by a hobgoblin

Levels and vault maps discovered:
D:1:      mrwooster_arrival_statue_3, layout_loops_cross, minmay_unequal
D:2:      layout_basic, uniq_sigmund, uniq_jessica, uniq_robin

Skill      XL: |  1 |
---------------+----+-----
Ranged Weapons | 6 |  6.7
Fighting       | |  1.5
Dodging        | |  2.4
Stealth        | |  1.2

Action                     || total
---------------------------++-------
   Fire: Shortbow          ||    55
    Use: Scroll            ||     1
 Armour: Leather armour    ||    10
         Ring mail         ||    15
  Dodge: Dodged            ||    28

Table legend:
 A = Non-vault XP
 B = Vault XP
 C = Vault XP percentage of total XP
 D = Non-vault monster count
 E = Vault monster count
 F = Vault count percentage of total count
                 A         B        C        D         E       F
            +---------+---------+-------+---------+---------+-------
      Total |      34 |      14 |  29.2 |      18 |       8 |  30.8
            +---------+---------+-------+---------+---------+-------
        D:1 |      34 |      14 |  29.2 |      18 |       8 |  30.8
            +---------+---------+-------+---------+---------+-------
